 Dungeon Crawl Stone Soup version 0.21.1-1-g345015f (webtiles) character file.

102 Kairos the Skirmisher (level 5, 0/41 HPs)
             Began as a Human Fighter on Mar 29, 2018.
             Killed by divine providence
             ... invoked by an orc priest
              (16 damage)
             ... on level 3 of the Dungeon.
             The game lasted 00:02:40 (1950 turns).

Kairos the Skirmisher (Human Fighter)               Turns: 1950, Time: 00:02:41

Health: 0/41       AC:  8    Str: 17    XL:     5   Next: 6%
Magic:  5/5        EV:  9    Int:  8    God:
Gold:   47         SH:  7    Dex: 13    Spells: 4/4 levels left

rFire    . . .     SeeInvis .   a - +0 war axe
rCold    . . .     Gourm    .   k - +2 buckler
rNeg     . . .     Faith    .   b - +0 scale mail
rPois    .         Spirit   .   (no helmet)
rElec    .         Reflect  .   (no cloak)
rCorr    .         Harm     .   g - +0 pair of gloves
MR       .....                  (no boots)
Stlth    ..........             h - amulet of magic regeneration
HPRegen  0.13/turn              (no ring)
MPRegen  0.34/turn              (no ring)

@: no status effects
A: no striking features
a: no special abilities


You were on level 3 of the Dungeon.
You were hungry.

You visited 1 branch of the dungeon, and saw 3 of its levels.

You collected 47 gold pieces.

Inventory:

Hand Weapons
 a - a +0 war axe (weapon)
Armour
 b - a +0 scale mail (worn)
 c - a +0 shield
 g - a +0 pair of gloves (worn)
 k - a +2 buckler (worn)
Jewellery
 h - an amulet of magic regeneration (around neck)
Scrolls
 e - a scroll of magic mapping {unknown}
 i - a scroll of fog {unknown}
 j - 2 scrolls of identify {unknown}
 m - a scroll of remove curse {unknown}
 p - a scroll of teleportation {unknown}
 q - a scroll of fear {unknown}
Potions
 d - a potion of might
 l - a potion of haste {unknown}
 n - 2 potions of curing {unknown}
 o - a potion of flight {unknown}
 r - a potion of degeneration {unknown}
Comestibles
 f - 6 rations


   Skills:
 + Level 3.6 Fighting
 + Level 3.3 Axes
 + Level 3.4 Armour
 + Level 0.5 Dodging
 + Level 3.5 Shields


You had 4 spell levels left.
You didn't know any spells.

Dungeon Overview and Level Annotations

Branches:
Dungeon (3/15)

Altars:
Hepliaklqana
Qazlal


Message History

You are too injured to fight recklessly!
Unknown command.
You are too injured to fight recklessly!
Unknown command.
You are too injured to fight recklessly!
You closely miss the orc wizard. You slash the orc!
You kill the orc!
The orc wizard hits you with a dagger. The orc priest barely misses you.
You barely miss the orc priest.
You hit the orc wizard but do no damage.
You block the orc wizard's attack.
The orc priest hits you but does no damage.
The orc wizard closely misses you.
You hit the orc priest but do no damage.
You closely miss the orc wizard. The orc priest barely misses you.
The orc wizard hits you with a dagger.
You closely miss the orc priest. You barely miss the orc wizard.
The orc priest mumbles some strange prayers to Beogh against you.
Beogh smites you!
You die...

.<....# ..
......######...# .#
......#........# .+
#.#####........# ..###
#.# #........####.....
#.#####.................
........................
................)o......
....###........)@o<..#
..### #.....!.$..###....
### #..........# #
############


You could see an orc priest and an orc wizard.

Vanquished Creatures
  2 adders
  An ooze (D:1)
  3 worms (D:2)
  3 dart slugs
  3 leopard geckos
  3 orcs (D:3)
  6 bats
  4 giant cockroaches (D:1)
  7 goblins
  3 hobgoblins
  4 jackals (D:1)
  5 kobolds
  2 quokkas (D:2)
  7 frilled lizards
  5 rats
58 creatures vanquished.

Notes
Turn   | Place    | Note
-------+----------+-------------------------------------------
     0 | D:1      | Kairos the Human Fighter began the quest for the Orb.
     0 | D:1      | Reached XP level 1. HP: 18/18 MP: 1/1
    59 | D:1      | Reached XP level 2. HP: 18/24 MP: 2/2
   320 | D:1      | Reached XP level 3. HP: 29/29 MP: 3/3
  1026 | D:2      | Reached XP level 4. HP: 35/35 MP: 4/4
  1400 | D:2      | Found a stormy altar of Qazlal.
  1400 | D:2      | Found a hazy altar of Hepliaklqana.
  1946 | D:3      | Reached XP level 5. HP: 31/41 MP: 5/5
  1950 | D:3      | Killed from afar by an orc priest

Skill      XL: |  1  2  3  4 |
---------------+-------------+-----
Axes           | 3 |  3.3
Fighting       | |  3.6
Armour         | |  3.4
Dodging        | |  0.5
Shields        | |  3.5

Action                   |  1- 3 |  4- 6 || total
-------------------------+-------+-------++-------
Melee: War axe           |    98 |    67 ||   165
  Eat: Chunk             |       |     3 ||     3
Armor: Scale mail        |    63 |    15 ||    78
Dodge: Dodged            |    44 |    31 ||    75
Block: Shield            |    55 |       ||    55
       Buckler           |     6 |    26 ||    32
